 Dungeon Crawl Stone Soup version 0.27.0-1-g7a089689b8 (console) character file.

Game seed: 5984820339272727480

173 FIQ the Poker (level 5, -4/42 HPs)
             Began as a Merfolk Gladiator on Aug 3, 2021.
             Slain by an orc (5 damage)
             ... on level 3 of the Dungeon.
             The game lasted 00:03:25 (2405 turns).

FIQ the Poker (Merfolk Gladiator)                   Turns: 2405, Time: 00:03:26

Health: -4/42      AC:  4    Str: 22    XL:     5   Next: 53%
Magic:  5/5        EV: 14    Int:  7    God:
Gold:   112        SH:  5    Dex: 15    Spells: 4/4 levels left

rFire    . . .     SeeInvis .   a - +0 trident
rCold    . . .     Faith    .   (no shield)
rNeg     . . .     Spirit   .   b - +0 leather armour
rPois    .         Reflect  +   c - +0 helmet
rElec    .         Harm     .   (no cloak)
rCorr    .         Rampage  .   (no gloves)
Will     +....                  (no boots)
Stlth    +.........             g - amulet of reflection
HPRegen  0.14/turn              l - ring of willpower
MPRegen  0.09/turn              p - +6 ring of strength

@: no status effects
A: (nimble swimmer 2), mertail
a: no special abilities


You were on level 3 of the Dungeon.
You visited 1 branch of the dungeon, and saw 3 of its levels.

You collected 112 gold pieces.

Inventory:

Hand Weapons
 a - a +0 trident (weapon)
Missiles
 d - 3 throwing nets (quivered)
Armour
 b - a +0 leather armour (worn)
 c - a +0 helmet (worn)
Jewellery
 g - an amulet of reflection (around neck)
 l - a ring of willpower (left hand)
 p - a +6 ring of strength (right hand)
Wands
 j - a wand of charming (6)
Scrolls
 e - 2 scrolls of enchant weapon {unknown}
 f - a scroll of silence {unknown}
 h - a scroll of brand weapon {unknown}
 i - 5 scrolls of identify {unknown}
 k - a scroll of enchant armour {unknown}
 m - a scroll of teleportation {unknown}
 n - a scroll of amnesia {unknown}
 o - a scroll of fog {unknown}


   Skills:
 + Level 3.9 Fighting
 + Level 6.2 Polearms
 - Level 2.0 Throwing
 + Level 5.6 Dodging


You had 4 spell levels left.
You didn't know any spells.
Your spell library was empty.

Dungeon Overview and Level Annotations

Branches:
Dungeon (3/15)

Altars:


Innate Abilities, Weirdness & Mutations

((You are quick and stealthy near water. (Stealth+, EV+, Speed+++)))
Your lower body shifts to a powerful aquatic tail in water.


Message History

No target in view!
You open the door. 2 orcs and an orc priest come into view.
The orc shouts!
You hear a shout!
You hear a bark!
You hear a shout!
You hear a bark!
An orc priest comes into view. It is wielding a +0 short sword.
An orc comes into view. It is wielding a +0 flail.
The orc shouts!
You hear a bark!
There are monsters nearby!
There are monsters nearby!
The orc priest shouts!
The orc shouts!
An orc comes into view. It is wielding a +0 club.
An orc wizard comes into view. It is wielding a +0 dagger.
The orc wizard shouts!
The orc priest invokes the aid of Beogh against you.
Beogh smites you!
The orc priest miscasts a cantrip.
The orc priest invokes the aid of Beogh against you.
Beogh smites you!
You start resting.
An orc priest is nearby!
Reach: a) +0 trident
Press: ? - help, Dir - move target, f - orc priest
Aim: an orc priest, wielding a +0 war axe (about 38% to evade your +0 trident)
You reach to attack!
You hit the orc priest.
The orc priest is lightly wounded.
You hit the orc priest.
The orc priest is lightly wounded.
The orc priest hits you with a +0 war axe!
* * * LOW HITPOINT WARNING * * *
You hit the orc priest.
The orc priest is moderately wounded.
The orc priest hits you with a +0 war axe!
* * * LOW HITPOINT WARNING * * *
You puncture the orc priest!
You kill the orc priest!
The orc wizard mumbles some strange words.
The orc wizard flickers and vanishes!
Deactivating autopickup; reactivate with @.
The orc hits you with a +0 hand axe.
You die...

###
#.#######
#oo..o..#
#)####.##
#o# #.#
#.# #.#
#####{#
#o#
#.@o..#
#.#
#.#####
#o# #.#
#o# #.#
#o# #.#


.oo #.# ..... #.# ##..... #.# ......# #.################# You could see an orc.

Vanquished Creatures
  An orc priest (D:3)
  Terence (D:2)
  5 gnolls
  An adder (D:2)
  5 dart slugs
  4 endoplasms (D:2)
  A giant cockroach (D:2)
  4 hobgoblins (D:1)
  2 jackals (D:3)
  3 quokkas
  8 ball pythons
  3 bats
  5 frilled lizards
  7 goblins
  A kobold (D:2)
  2 rats (D:1)
53 creatures vanquished.

Notes
Turn   | Place    | Note
-------+----------+-------------------------------------------
     0 | D:1      | FIQ the Merfolk Gladiator began the quest for the Orb.
     0 | D:1      | Reached XP level 1. HP: 16/16 MP: 1/1
   146 | D:1      | Reached XP level 2. HP: 23/23 MP: 2/2
   512 | D:1      | Reached skill level 5 in Polearms
   512 | D:1      | Reached XP level 3. HP: 24/28 MP: 3/3
   941 | D:2      | Noticed Terence
  1297 | D:2      | Killed Terence
  1298 | D:2      | Reached skill level 5 in Dodging
  1298 | D:2      | Reached XP level 4. HP: 21/35 MP: 4/4
  2014 | D:3      | Reached XP level 5. HP: 12/41 MP: 5/5
  2255 | D:3      | Reached skill level 6 in Polearms
  2399 | D:3      | HP: 1/42 [orc priest (11)]
  2405 | D:3      | Slain by an orc

Illustrated notes

Levels and vault maps discovered:
D:1:      ncdulo_lavacross, layout_rooms, minmay_tromino_v2
D:2:      layout_basic, uniq_terence
D:3:      minmay_wonky_spiral, layout_basic

Skill      XL: |  1  2  3  4  5 |
---------------+----------------+-----
Polearms       | 5 6 |  6.2
Fighting       | 3 |  3.9
Dodging        | 5 |  5.6
Throwing       | |  2.0

Action                   |  1- 3 |  4- 6 || total
-------------------------+-------+-------++-------
Melee: Trident           |   108 |    79 ||   187
  Use: Potion            |     2 |       ||     2
 Stab: Sleeping          |     1 |     4 ||     5
       Invisible         |     1 |       ||     1
Armor: Leather armour    |    12 |     9 ||    21
Dodge: Dodged            |    71 |    53 ||   124
Block: Other             |       |     7 ||     7
